 Dungeon Crawl Stone Soup version 0.27-a0-972-gd1521fd (webtiles) character file.

Game seed: 1179157275920209064

126 ChiliFlavouring the Firebug (level 4, -6/24 HPs)
             Began as a Deep Elf Fire Elementalist on Apr 13, 2021.
             Mangled by Edmund
             ... wielding a +3 dire flail of holy wrath
              (18 damage)
             ... on level 3 of the Dungeon.
             The game lasted 00:12:24 (4269 turns).

ChiliFlavouring the Firebug (DEFE)                  Turns: 4269, Time: 00:12:25

Health: -6/24      AC:  4    Str:  5    XL:     4   Next: 83%
Magic:  7/11       EV: 13    Int: 21    God:
Gold:   125        SH:  0    Dex: 15    Spells: 2/10 levels left

rFire    . . .     SeeInvis .   g - +0 short sword (elec)
rCold    . . .     Faith    .   (no shield)
rNeg     . . .     Spirit   .   a - +0 robe
rPois    .         Reflect  .   (no helmet)
rElec    .         Harm     .   i - +1 cloak
rCorr    .         Rampage  .   (no gloves)
Will     .....                  (no boots)
Stlth    ++........             (no amulet)
HPRegen  0.08/turn              (no ring)
MPRegen  0.12/turn              (no ring)

@: no status effects
A: no striking features
a: no special abilities


You were on level 3 of the Dungeon.
You visited 1 branch of the dungeon, and saw 4 of its levels.

You collected 125 gold pieces.

Inventory:

Hand Weapons
 c - a +0 dagger
 e - a +1 dagger of draining
 g - a +0 short sword of electrocution (weapon)
Armour
 a - a +0 robe (worn)
 i - a +1 cloak (worn)
Scrolls
 d - 4 scrolls of amnesia {unknown}
 h - a scroll of holy word {unknown}
 j - a scroll of enchant armour {unknown}
Potions
 b - a potion of curing {unknown}
 f - a potion of attraction {unknown}
 k - 2 potions of haste {unknown}
 l - a potion of invisibility


   Skills:
 - Level 0.8 Fighting
 + Level 0.9 Short Blades
 + Level 3.3 Dodging
 - Level 2.4 Stealth
 + Level 3.8 Spellcasting
 * Level 2.4 Conjurations
 + Level 0.8 Hexes
 + Level 4.2 Fire Magic


You had 2 spell levels left.
You knew the following spells:

 Your Spells              Type           Power      Damage    Failure   Level
a - Foxfire               Conj/Fire      72%        2x1d7     3%          1
b - Inner Flame           Hex/Fire       14%        N/A       13%         3
c - Sticky Flame          Conj/Fire      18%        2d4       30%         4

Your spell library contained the following spells:

 Spells                   Type           Power      Damage    Failure   Level
 Conjure Flame            Conj/Fire      18%        6-21      10%         3
 Confusing Touch          Hex            7%         N/A       26%         3
 Gell's Gravitas          Tloc           2%         N/A       36%         3
 Fireball                 Conj/Fire      9%         3d6       65%         5
 Petrify                  Tmut/Erth      4%         N/A       77%         4
 Metabolic Englaciation   Hex/Ice        2%         N/A       96%         5
 Yara's Violent Unravell  Hex/Tmut       2%         3d3       96%         5


Dungeon Overview and Level Annotations

Branches:
Dungeon (4/15)
 Temple: D:4-7

Altars:
Fedhas
Gozag

Annotations:
D:3 Edmund


Message History

Edmund shouts!
Casting: Foxfire (safe; 3% risk of failure)
Press: ? - help, Q - select action Dir - look around, f - activate You conjure some foxfire!
The foxfire hits Edmund.
Edmund is lightly wounded.
Casting: Foxfire (safe; 3% risk of failure)
Press: ? - help, Q - select action Dir - look around, f - activate You conjure some foxfire!
The foxfire hits Edmund.
Edmund is lightly wounded.
The foxfire hits Edmund.
Edmund is moderately wounded.
The foxfire hits Edmund but does no damage.
Edmund is moderately wounded.
The foxfire hits Edmund.
Edmund is moderately wounded.
The foxfire hits Edmund.
Edmund is heavily wounded.
Casting: Foxfire (safe; 3% risk of failure)
Press: ? - help, Q - select action Dir - look around, f - activate You conjure some foxfire!
Casting: Foxfire (safe; 3% risk of failure)
Press: ? - help, Q - select action Dir - look around, f - activate You conjure some foxfire!
The foxfire hits Edmund but does no damage.
Edmund is heavily wounded.
The foxfire hits Edmund but does no damage.
Edmund is heavily wounded.
The foxfire hits Edmund but does no damage.
Edmund is heavily wounded.
The foxfire hits Edmund.
Edmund is heavily wounded.
Edmund hits you with a +3 dire flail of holy wrath!
Ouch! That really hurt!
You closely miss Edmund.
Edmund is heavily wounded.
Edmund hits you with a +3 dire flail of holy wrath!!
Ouch! That really hurt!
You die...

.....))).........#...##.# #..#.#.
...####....#.#.#.###.##.# #..#.#.
...# #...........##.##.###......
...# #....#..#...##....#.#..#.#.
...########...#...#######.#.....(
............###.#.........#..#...
###########.....#.........##.....
# ###.###.#.......##.#.##
#...@.#..............
##.@###.#...........#
###......#............
#......###.#.........#
#..........#.#'#.#...#
#.....########.#.#...#
#.....'...............
#.....########.#...#..
####.#..............#<@


You could see Edmund.

Vanquished Creatures
  Robin (D:2)
  4 gnolls (D:3)
  An adder (D:3)
  7 bats
  6 endoplasms
  A giant cockroach (D:1)
  17 goblins
  6 hobgoblins
  5 kobolds
  2 quokkas (D:1)
  4 ball pythons
  3 frilled lizards
  7 rats
64 creatures vanquished.

Vanquished Creatures (others)
  174 foxfires
174 creatures vanquished.

Grand Total: 238 creatures vanquished

Notes
Turn   | Place    | Note
-------+----------+-------------------------------------------
     0 | D:1      | ChiliFlavouring the Deep Elf Fire Elementalist began the
                  | quest for the Orb.
     0 | D:1      | Reached XP level 1. HP: 10/10 MP: 6/6
   244 | D:1      | Reached XP level 2. HP: 12/15 MP: 5/8
   475 | D:1      | Found a faded altar of an unknown god.
  1642 | D:2      | Reached XP level 3. HP: 20/20 MP: 7/9
  1647 | D:2      | Learned a level 3 spell: Inner Flame
  2615 | D:2      | Noticed Robin
  2892 | D:2      | Killed Robin
  2893 | D:2      | Reached skill level 4 in Fire Magic
  2893 | D:2      | Reached XP level 4. HP: 20/24 MP: 7/11
  3221 | D:3      | Found an opulent altar of Gozag.
  3411 | D:3      | Learned a level 4 spell: Sticky Flame
  3781 | D:3      | Found a blossoming altar of Fedhas.
  3925 | D:4      | Noticed Edmund
  4269 | D:3      | Mangled by Edmund

Illustrated notes

Levels and vault maps discovered:
D:1:      elethiomel_arrival_diamonds, layout_loops_ring,
          ebering_ecumenical_altar_box, chequers_serial_rivers_large_a
D:2:      layout_basic, uniq_robin
D:3:      layout_basic, nicolae_gozag_cash_rules_everything_around_me,
          fedhas_altar_1, hangedman_abyss_or_decor_stabs, grunt_decor_junction,
          st_stairs_8, minmay_strange_pillars
D:4:      layout_rooms, lemuel_round_altar, temple_fountains, uniq_edmund

Skill      XL: |  1  2  3 |
---------------+----------+-----
Dodging        | 3 |  3.3
Conjurations   | 2 |  2.4
Fire Magic     | 4 |  4.2
Fighting       | |  0.8
Short Blades   | |  0.9
Stealth        | |  2.4
Spellcasting   | |  3.8
Hexes          | |  0.8

Action                   |  1- 3 |  4- 6 || total
-------------------------+-------+-------++-------
Melee: Dagger            |     2 |       ||     2
       Unarmed           |     1 |       ||     1
       Short sword       |    14 |     2 ||    16
 Cast: Foxfire           |    91 |    37 ||   128
Armor: Robe              |     5 |       ||     5
Dodge: Dodged            |    38 |     5 ||    43

Table legend: (Time is in decaauts)
 A = Elapsed time spent in this place.
 B = Non-inter-level travel time spent in this place.
 C = Inter-level travel time spent in this place.
 D = Time resting spent in this place.
 E = Time spent auto-exploring this place.
 F = Levels seen in this place.
 G = Mean time per level.
                   A        B        C        D        E       F      G
               +--------+--------+--------+--------+--------+-----+--------+
         Total |   4283 |   4114 |    169 |    713 |   2656 |   4 | 1070.8 |
       Dungeon |   4283 |   4114 |    169 |    713 |   2656 |   4 | 1070.8 |
               +--------+--------+--------+--------+--------+-----+--------+

Top non-repeatable levels by time:
     D:1: 1874 daAuts
     D:2: 1318 daAuts
     D:3: 1083 daAuts
     D:4: 7 daAuts
